 Dungeon Crawl Stone Soup version 0.20.1-1-g8b1a95d (webtiles) character file.

8159 motkurip the Slicer (level 11, 0/72 HPs)
             Began as a Kobold Gladiator on Aug 4, 2017.
             Was a Follower of Uskayaw.
             Killed from afar by an acid dragon (8 damage)
             ... with a splash of acid
             ... on level 10 of the Dungeon.
             The game lasted 00:34:58 (10951 turns).

motkurip the Slicer (Kobold Gladiator)             Turns: 10951, Time: 00:34:59

Health: 0/72       AC:  9    Str: 14    XL:     11   Next: 50%
Magic:  3/15       EV: 25    Int: 13    God:    Uskayaw [*.....]
Gold:   478        SH:  0    Dex: 22    Spells: 10/10 levels left

rFire    . . .     SeeInvis +   S - +4 dagger of Dismemberment {freeze, Int+4}
rCold    . . .     Gourm    .   (shield restricted)
rNeg     . . .     Faith    .   Z - +5 robe of Night {Dark MR+ SInv}
rPois    .         Spirit   .   M - +1 helmet
rElec    .         Reflect  .   (no cloak)
rCorr    .         Harm     .   (no gloves)
MR       ++...                  (no boots)
Stlth    ++++......             W - amulet of regeneration
Regen    0.7/turn               V - +4 ring of dexterity
MPRegen  0.2/turn               O - ring of protection from magic

@: no status effects
A: carnivore 3
a: Stomp, Renounce Religion


You were on level 10 of the Dungeon.
You worshipped Uskayaw.
Uskayaw was noncommittal.
You were very full.

You visited 2 branches of the dungeon, and saw 11 of its levels.
You also visited: Sewer.

You collected 478 gold pieces.

Inventory:

Hand Weapons
 a - a +0 rapier
 y - a +0 blowgun
 B - a +0 short sword of venom
 S - the +4 dagger of Dismemberment (weapon) {freeze, Int+4}
   (You took it off a gnoll on level 5 of the Dungeon)

   It has been specially enchanted to freeze those struck by it, causing extra
   injury to most foes and up to half again as much damage against particularly
   susceptible opponents.
   It can also slow down cold-blooded creatures.
   It affects your intelligence (+4).
Missiles
 z - 48 poisoned needles
 F - 2 throwing nets (quivered)
 H - 4 curare-tipped needles
Armour
 L - a +0 scale mail of positive energy
 M - a +1 helmet (worn)
 U - a +0 shield
 Z - the +5 robe of Night (worn) {Dark MR+ SInv}
   (You found it on level 9 of the Dungeon)

   It affects your resistance to hostile enchantments.
   It lets you see invisible.
Jewellery
 b - an uncursed ring of ice {unknown}
 i - an uncursed ring of flight
 q - an uncursed ring of fire
 O - a ring of protection from magic (right hand)
 T - an uncursed ring of fire
 V - a +4 ring of dexterity (left hand)
 W - an amulet of regeneration (around neck)
Wands
 m - a wand of random effects (18/48)
 N - a wand of iceblast (5/15)
 P - a wand of digging (10/24)
 Y - a wand of lightning (6/15)
Scrolls
 c - 2 scrolls of fear
 d - 2 scrolls of recharging {unknown}
 l - 2 scrolls of remove curse
 o - 5 scrolls of identify
 r - 2 scrolls of random uselessness
 u - a scroll of holy word {unknown}
 w - 3 scrolls of fog {unknown}
 x - a scroll of immolation {unknown}
 A - a scroll of magic mapping
 G - 2 scrolls of amnesia {unknown}
 I - 5 scrolls of teleportation {unknown}
 K - a scroll of enchant weapon {unknown}
 R - 2 scrolls of enchant armour
 X - 2 scrolls of blinking {unknown}
Potions
 e - a potion of degeneration
 h - 8 potions of curing
 j - 2 potions of agility {unknown}
 k - a potion of magic {unknown}
 p - 6 potions of heal wounds {unknown}
 s - 3 potions of mutation {unknown}
 t - 3 potions of might {unknown}
 v - a potion of haste
 C - 2 potions of brilliance {unknown}
 D - 2 potions of berserk rage {unknown}
 Q - 3 potions of flight {unknown}
Books
 n - a book of Misfortune

   Spells                             Type                      Level
   a - Confusing Touch                Hexes                        1
   b - Confuse                        Hexes                        3
   c - Gell's Gravitas                Translocation                3
   d - Petrify                        Transmutation/Earth          4
   e - Metabolic Englaciation         Hexes/Ice                    5
   f - Yara's Violent Unravelling     Hexes/Transmutation          5
 E - a book of Changes

   Spells                             Type                      Level
   a - Beastly Appendage              Transmutation                1
   b - Sticks to Snakes               Transmutation                2
   c - Spider Form                    Transmutation/Poison         3
   d - Ice Form                       Ice/Transmutation            4
   e - Blade Hands                    Transmutation                5
 J - a book of Cantrips

   Spells                             Type                      Level
   a - Confusing Touch                Hexes                        1
   b - Animate Skeleton               Necromancy                   1
   c - Summon Small Mammal            Summoning                    1
   d - Apportation                    Translocation                1
Comestibles
 f - 7 meat rations
 g - 8 royal jellies


   Skills:
 + Level 10.0 Fighting
 * Level 12.1 Short Blades
 - Level 2.1 Throwing
 + Level 10.4 Dodging
 - Level 6.2 Stealth
 + Level 6.0 Invocations
 - Level 4.4 Evocations


You had 10 spell levels left.
You didn't know any spells.

Dungeon Overview and Level Annotations

Branches:
Dungeon (10/15)            Temple (1/1) D:5            Lair (0/6) D:10
    Orc: D:9-12

Altars:
Ashenzari
Cheibriados
Dithmenos
Fedhas
Gozag
Hepliaklqana
Kikubaaqudgha
Makhleb
Nemelex Xobeh
Okawaru
Qazlal
Ru
Trog
Uskayaw
Vehumet
Xom
Yredelemnul
Zin
The Shining One


Innate Abilities, Weirdness & Mutations

You are small and have problems with some larger weapons.
You are carnivorous and can eat meat at any time.


Message History

You can now pass through a line of other dancers.
You hit the wyvern but do no damage.
The wyvern is lightly wounded.
The acid dragon seems less confused.
The wyvern barely misses you.
You closely miss the acid dragon.
The acid dragon is almost dead.
You barely miss the acid dragon.
The acid dragon is almost dead.
The wyvern misses you. The acid dragon spits acid at you.
The splash of acid hits you!
You are splashed with acid!
The acid burns!
* * * LOW HITPOINT WARNING * * *
Unknown command.
Aiming: Line Pass
Press: ? - help, Dir - move target cursor The wyvern appears confused.
You feel somewhat less full.
You can no longer pass through a line of other dancers.
The acid dragon spits acid at you. The splash of acid hits you!
You die...

#######'### #..# # ####.# ##.###
### #...># #...# #.. ###### ###
##### *** ### *****##*###.####
*** **,*
****,,.,#.##...##.##*,###,**
*,**,,..##....#....###..,,*
**,***#......D.....#..#**###
**,***,#....†l.@.....#####.# ###
*,,+*,#..###..............####.#
****,,.***#....#.###........###.
*,*,** ###.#####.#.###.......
*,,,,* *.>## #.##.(####.####
****** ###* ####### ###


You could see a wyvern (confused) and an acid dragon.

Vanquished Creatures
  The ghost of Thaneod the Fighter, a novice MiBe of Trog (D:8)
  A troll (D:10)
  Prince Ribbit (D:5)
  2 hippogriffs
  The ghost of Haldmier the Gusty, an amateur TeAE (D:4)
  A human (D:10)
  6 yaks (D:10)
  2 wyverns (D:9)
  4 hogs (D:10)
  Menkaure (D:7)
  Edmund (D:4)
  5 orc warriors (D:8)
  A sky beast (D:8)
  An ice beast (D:7)
  3 black bears
  2 phantoms
  9 ogres
  7 centaurs
  3 crocodiles (D:10)
  A big kobold (Sewer)
  3 bullfrogs
  A gnoll sergeant (Temple)
  A wyvern zombie (D:7)
  4 scorpions
  A water moccasin skeleton (D:5)
  3 howler monkeys (D:7)
  A crimson imp (D:6)
  A centaur zombie (D:10)
  4 hounds
  8 orc priests
  3 orc wizards (D:10)
  A gnoll shaman (D:7)
  A bullfrog skeleton (D:5)
  4 iguanas
  A howler monkey zombie (D:10)
  A worker ant zombie (D:5)
  Robin (D:4)
  9 gnolls
  A howler monkey skeleton (D:7)
  18 adders
  3 river rats (D:3)
  3 shadow imps
  4 oozes
  An adder skeleton (D:7)
  7 worms
  3 dart slugs
  2 leopard geckos
  31 orcs
  6 giant cockroaches
  15 goblins
  9 hobgoblins
  16 jackals
  4 quokkas
  2 ball pythons
  14 bats
  4 frilled lizards
  A jackal zombie (D:6)
  18 kobolds
  A quokka skeleton (D:4)
  A quokka zombie (D:6)
  12 rats
277 creatures vanquished.

Notes
Turn   | Place    | Note
-------+----------+-------------------------------------------
     0 | D:1      | motkurip the Kobold Gladiator began the quest for the Orb.
     0 | D:1      | Reached XP level 1. HP: 12/12 MP: 1/1
   379 | D:1      | Reached XP level 2. HP: 18/18 MP: 2/2
   913 | D:1      | Reached XP level 3. HP: 19/22 MP: 3/3
  1187 | D:2      | Reached skill level 5 in Short Blades
  1712 | D:2      | Reached XP level 4. HP: 27/27 MP: 4/4
  1911 | D:2      | Found a hazy altar of Hepliaklqana.
  2062 | D:3      | Found a stormy altar of Qazlal.
  2340 | D:3      | Reached skill level 1 in Stealth
  2415 | D:3      | Reached XP level 5. HP: 16/32 MP: 5/5
  2430 | D:3      | Found a glowing drain.
  2468 | Sewer    | Entered a sewer
  2971 | Sewer    | Noticed a big kobold
  2999 | Sewer    | Killed a big kobold
  2999 | Sewer    | Reached skill level 6 in Short Blades
  2999 | Sewer    | Reached XP level 6. HP: 23/37 MP: 6/6
  3828 | D:4      | Noticed an ogre
  4254 | D:3      | Killed an ogre
  4254 | D:3      | Reached skill level 7 in Short Blades
  4254 | D:3      | Reached skill level 5 in Dodging
  4254 | D:3      | Reached XP level 7. HP: 38/43 MP: 7/7
  4675 | D:4      | Noticed Edmund
  4701 | D:4      | Killed Edmund
  4918 | D:4      | Noticed Haldmier's ghost (amateur TeAE)
  5068 | D:4      | Killed Haldmier's ghost
  5068 | D:4      | Reached skill level 8 in Short Blades
  5068 | D:4      | Reached XP level 8. HP: 22/48 MP: 8/8
  5522 | D:4      | Noticed Robin
  5630 | D:4      | Killed Robin
  5907 | D:4      | Reached skill level 5 in Fighting
  5907 | D:4      | Reached skill level 5 in Stealth
  5918 | D:4      | Found an opulent altar of Gozag.
  5981 | D:5      | Entered Level 5 of the Dungeon
  6144 | D:5      | Found a staircase to the Ecumenical Temple.
  6175 | Temple   | Entered the Ecumenical Temple
  6356 | Temple   | Became a worshipper of Uskayaw the Reveler
  6428 | Temple   | Reached skill level 9 in Short Blades
  6516 | D:5      | Reached * piety under Uskayaw
  6582 | D:5      | Found an ancient bone altar of Kikubaaqudgha.
  6615 | D:5      | Reached ** piety under Uskayaw
  6696 | D:5      | Reached skill level 1 in Evocations
  6696 | D:5      | Reached *** piety under Uskayaw
  6794 | D:5      | Got a sapphire dagger {freeze}
  6795 | D:5      | Identified the +4 dagger of Dismemberment {freeze, Int+4} (You took it off a gnoll on level 5 of the Dungeon)
  7082 | D:5      | Reached XP level 9. HP: 54/54 MP: 10/10
  7119 | D:5      | Noticed Prince Ribbit
  7142 | D:5      | Killed Prince Ribbit
  7142 | D:5      | Reached skill level 1 in Invocations
  7250 | D:5      | Reached skill level 10 in Short Blades
  7264 | D:5      | Found a sacrificial altar of Ru.
  7730 | D:6      | Reached **** piety under Uskayaw
  8105 | D:7      | Noticed Menkaure
  8153 | D:7      | Killed Menkaure
  8239 | D:7      | Noticed a hippogriff
  8257 | D:7      | Killed a hippogriff
  8617 | D:7      | Reached skill level 5 in Invocations
  8831 | D:7      | You fall through a shaft for 3 floors!
  8831 | D:10     | Entered Level 10 of the Dungeon
  8839 | D:10     | Noticed a troll
  8845 | D:10     | Noticed a two-headed ogre
  8947 | D:8      | Reached XP level 10. HP: 61/61 MP: 12/14
  9439 | D:8      | Noticed Thaneod's ghost (novice MiBe)
  9670 | D:8      | Killed Thaneod's ghost
  9958 | D:9      | Found a shadowy altar of Dithmenos.
 10344 | D:10     | Reached XP level 11. HP: 59/71 MP: 15/15
 10376 | D:10     | Reached skill level 11 in Short Blades
 10462 | D:10     | Reached skill level 10 in Dodging
 10729 | D:10     | Reached ***** piety under Uskayaw
 10806 | D:10     | Reached skill level 12 in Short Blades
 10897 | D:10     | Reached skill level 10 in Fighting
 10930 | D:10     | Found a staircase to the Lair.
 10951 | D:10     | Killed from afar by an acid dragon

Skill      XL: |  1  2  3  4  5  6  7  8  9 10 11 |
---------------+----------------------------------+-----
Dodging        | 4 5 6 9 10 | 10.4
Short Blades   | 5 6 7 8 9 10 12 | 12.1
Fighting       | 3 4 5 6 9 10 | 10.0
Stealth        | 1 2 3 4 6 |  6.2
Evocations     | 2 4 |  4.4
Invocations    | 5 6 |  6.0
Throwing       | |  2.1

Action                   |  1- 3 |  4- 6 |  7- 9 | 10-12 || total
-------------------------+-------+-------+-------+-------++-------
Melee: Rapier            |   110 |   147 |   103 |       ||   360
       Short sword       |       |   103 |   149 |    44 ||   296
       Dagger            |       |       |   193 |   352 ||   545
 Fire: Blowgun           |       |     8 |    36 |     4 ||    48
Throw: Throwing net      |       |     4 |     2 |       ||     6
Invok: Line Pass         |       |       |     9 |    12 ||    21
  Use: Potion            |       |     7 |     1 |       ||     8
       Scroll            |       |     4 |     4 |     1 ||     9
 Stab: Sleeping          |       |     6 |     5 |    17 ||    28
       Held in net/web   |       |     1 |       |       ||     1
       Paralysed         |       |       |     6 |    12 ||    18
       Distracted        |       |       |     1 |     1 ||     2
       Confused          |       |       |     6 |     5 ||    11
  Eat: Chunk             |    11 |     7 |    19 |     9 ||    46
Armor: Leather armour    |    13 |    39 |    33 |    11 ||    96
       Skin              |       |    17 |    15 |       ||    32
       Robe              |       |       |       |    17 ||    17
Dodge: Dodged            |    63 |   172 |   244 |   197 ||   676
